 Dungeon Crawl Stone Soup version 0.23-a0-180-ga5275e7 (webtiles) character file.

1555551 iamserjio the Slayer (level 27, 207/207 HPs)
             Began as an Octopode Wanderer on Sept 18, 2018.
             Was the Champion of Hepliaklqana.
             Escaped with the Orb
             ... and 3 runes!
             The game lasted 04:42:11 (81303 turns).

iamserjio the Slayer (Octopode Wanderer)           Turns: 81303, Time: 04:42:12

Health: 207/207    AC:  9    Str: 29    XL:     27
Magic:  33/33      EV: 29    Int: 19    God:    Hepliaklqana [******]
Gold:   4929       SH: 34    Dex: 20    Spells: 7/46 levels left

rFire    + . .     SeeInvis .   M - +9 demon trident (elec)
rCold    + + +     Gourm    .   j - +8 large shield
rNeg     + + +     Faith    .   (helmet restricted)
rPois    .         Spirit   .   p - amulet of Vitality {Regen+ HP+15}
rElec    +         Reflect  .   e - ring "Rysa" {Wiz rC+ MR+ Dex-3}
rCorr    .         Harm     .   R - ring of Shadows {Umbra +Inv Stlth+}
MR       +++++                  N - ring of Liqung {rC+ rN+++ MR+ Str-4}
Stlth    ++........             V - ring "Uhiucekh" {rElec rF+ Dex+3 Stlth-}
HPRegen  0.84/turn              L - ring of Vitoit {rC+ MR+ Str+4}
MPRegen  0.23/turn              P - ring "Xeor" {rC+ AC+6 Str+6}
                                b - ring "Fulilept" {+Fly rC+ MR+ Dex+6}
                                f - +6 ring of strength

@: wreathed by umbra
A: almost no armour, stealthy swim, amphibious, 8 rings, constrict 8, reduced
essence, tentacle spike 1, slimy green scales 1, camouflage 1, blurry vision 2,
low mp 1, magic resistance 1, sense surroundings 1, gelatinous body 1
0: Orb of Zot
}: 3/15 runes: decaying, serpentine, silver
a: Recall Ancestor, Ancestor Identity, Transference, Idealise, Renounce
Religion, Evoke Invisibility, Evoke Flight


You escaped.
You worshipped Hepliaklqana.
Hepliaklqana was exalted by your worship.
You were hungry.

You visited 10 branches of the dungeon, and saw 51 of its levels.
You also visited: Labyrinth, Trove, Ice Cave and Volcano.

You collected 9169 gold pieces.
You spent 4240 gold pieces at shops.

Inventory:

Hand Weapons
 u - the +18 lance "Wyrmbane" {slay drac, rPois rF+ rC+ AC+3}
   (You bought it in a shop on level 2 of the Orcish Mines)

   It affects your AC (+3).
   It protects you from fire.
   It protects you from cold.
   It protects you from poison.
 M - a +9 demon trident of electrocution (weapon)
Missiles
 J - 2 throwing nets (quivered) {!f}
Armour
 j - a +8 large shield (worn)
Jewellery
 a - the amulet of the Air {Inacc +Fly rElec EV+5 RMsl}
   (You found it on level 4 of the Depths)

   [amulet of inaccuracy]

   It reduces the accuracy of all your attacks.
   It affects your evasion (+5).
   It insulates you from electricity.
   It lets you fly.
   It protects you from missiles.
 b - the ring "Fulilept" (on tentacle) {+Fly rC+ MR+ Dex+6}
   (You acquired it on level 1 of the Swamp)

   [ring of flight]

   It affects your dexterity (+6).
   It protects you from cold.
   It affects your resistance to hostile enchantments.
   It lets you fly.
 e - the ring "Rysa" (left tentacle) {Wiz rC+ MR+ Dex-3}
   (You bought it in a shop on level 14 of the Dungeon)

   [ring of wizardry]

   It improves your spell success rate.
   It affects your dexterity (-3).
   It protects you from cold.
   It affects your resistance to hostile enchantments.
 f - a +6 ring of strength (on tentacle)
 p - the amulet of Vitality (around mantle) {Regen+ HP+15}
   (You took it off an orc warrior on level 3 of the Elven Halls)

   [amulet of regeneration]

   It affects your health (+15).
   It increases your rate of regeneration.
 A - an uncursed ring of protection from fire
 I - a +5 ring of evasion
 L - the ring of Vitoit (on tentacle) {rC+ MR+ Str+4}
   (You bought it in a shop on level 2 of the Orcish Mines)

   [ring of strength]

   It affects your strength (+4).
   It protects you from cold.
   It affects your resistance to hostile enchantments.
 N - the ring of Liqung (on tentacle) {rC+ rN+++ MR+ Str-4}
   (You found it on level 3 of the Depths)

   [ring of protection from cold]

   It affects your strength (-4).
   It protects you from cold.
   It renders you almost immune to negative energy.
   It affects your resistance to hostile enchantments.
 P - the ring "Xeor" (on tentacle) {rC+ AC+6 Str+6}
   (You took it off a vault sentinel on level 5 of the Vaults)

   [ring of protection]

   It affects your AC (+6).
   It affects your strength (+6).
   It protects you from cold.
 R - the ring of Shadows (right tentacle) {Umbra +Inv Stlth+}
   (You bought it in a shop on level 2 of the Orcish Mines)

   [ring of stealth]

   It lets you turn invisible.
   It makes you more stealthy.
 T - an uncursed ring of see invisible
 V - the ring "Uhiucekh" (on tentacle) {rElec rF+ Dex+3 Stlth-}
   (You found it on level 5 of the Lair of Beasts)

   [ring of dexterity]

   It affects your dexterity (+3).
   It protects you from fire.
   It insulates you from electricity.
   It makes you less stealthy.
 X - an uncursed ring of resist corrosion
Wands
 n - a wand of acid (40)
 x - a wand of clouds (12)
 D - a wand of digging (18)
 F - a wand of iceblast (58)
 U - a wand of enslavement (6)
Scrolls
 g - 2 scrolls of summoning
 h - 5 scrolls of fog
 m - 22 scrolls of teleportation
 r - 26 scrolls of remove curse {@r2}
 s - 6 scrolls of identify {@r1}
 y - 11 scrolls of fear
 C - 4 scrolls of holy word
 K - 4 scrolls of blinking
 S - 2 scrolls of silence
Potions
 c - 5 potions of lignification
 k - 3 potions of invisibility
 l - 4 potions of brilliance
 o - 4 potions of ambrosia
 q - 19 potions of curing {@q1}
 t - 2 potions of haste
 v - 6 potions of heal wounds
 w - 5 potions of cancellation
 z - 5 potions of resistance
 B - 5 potions of agility
 E - 4 potions of might
 G - 5 potions of magic
 Q - a potion of mutation
 Y - 4 potions of berserk rage
Miscellaneous
 i - a phial of floods
 H - a box of beasts
 O - a lightning rod (4/4)
 W - a fan of gales
 Z - 5 phantom mirrors
Comestibles
 d - 51 rations


   Skills:
 - Level 24.0 Fighting
 + Level 17.5 Polearms
 - Level 19.0 Dodging
 - Level 1.3 Stealth
 - Level 22.0 Shields
 - Level 10.0 Spellcasting
 - Level 1.0 Hexes
 - Level 7.0 Charms
 - Level 14.0 Summonings
 - Level 4.0 Necromancy
 - Level 2.0 Translocations
   Level 1.0 Ice Magic
 - Level 7.0 Air Magic
 - Level 6.0 Invocations
 - Level 12.0 Evocations


You had 7 spell levels left.
You knew the following spells:

 Your Spells              Type           Power        Failure   Level  Hunger
a - Summon Lightning Spi  Summ/Air       #####...     1%          4    ##.....
b - Dispel Undead         Necr           ###.....     22%         5    #####..
c - Spectral Weapon       Hex/Chrm       ###.....     2%          3    None
d - Blink                 Tloc           N/A          2%          2    None
e - Deflect Missiles      Chrm/Air       #####.....   34%         6    ######.
f - Animate Skeleton      Necr           N/A          1%          1    None
g - Regeneration          Chrm/Necr      ####......   1%          3    None
h - Animate Dead          Necr           N/A          9%          4    ##.....
i - Lesser Beckoning      Tloc           ###.......   6%          3    None
j - Swiftness             Chrm/Air       #####...     1%          2    None
k - Shadow Creatures      Summ           N/A          2%          6    ######.

Your spell library contained the following spells:

 Spells                   Type           Power        Failure   Level  Hunger
 Infusion                 Chrm           ####         1%          1    None
 Pain                     Necr           ###.         1%          1    None
 Shock                    Conj/Air       ###.         1%          1    None
 Call Imp                 Summ           ######..     1%          2    None
 Corpse Rot               Necr           N/A          1%          2    None
 Poisonous Vapours        Pois/Air       ###...       1%          2    None
 Shroud of Golubria       Chrm/Tloc      ####......   1%          2    None
 Song of Slaying          Chrm           #####...     1%          2    None
 Sublimation of Blood     Necr           ###.......   1%          2    None
 Summon Ice Beast         Ice/Summ       #####...     1%          4    ##.....
 Confusing Touch          Hex            ##....       2%          1    None
 Corona                   Hex            ##.....      2%          1    None
 Freeze                   Ice            ##..         2%          1    None
 Ozocubu's Armour         Chrm/Ice       ###.....     2%          3    None
 Vampiric Draining        Necr           ###.......   2%          3    None
 Airstrike                Air            #####.....   2%          4    ##.....
 Static Discharge         Conj/Air       ###.....     3%          3    None
 Beastly Appendage        Tmut           #.....       4%          1    None
 Flame Tongue             Conj/Fire      #....        4%          1    None
 Magic Dart               Conj           #...         4%          1    None
 Sandblast                Erth           #.....       4%          1    None
 Sting                    Conj/Pois      #...         4%          1    None
 Ensorcelled Hibernation  Hex/Ice        ##....       4%          2    None
 Slow                     Hex            ##......     4%          2    None
 Mephitic Cloud           Conj/Pois/Air  ###.....     4%          3    None
 Throw Frost              Conj/Ice       ##....       5%          2    None
 Passwall                 Tmut/Erth      #.......     6%          2    None
 Searing Ray              Conj           #.....       6%          2    None
 Sticks to Snakes         Tmut           #.......     6%          2    None
 Gell's Gravitas          Tloc           ###.......   6%          3    None
 Teleport Other           Tloc           ###.....     6%          3    None
 Confuse                  Hex            ##......     9%          3    None
 Tukima's Dance           Hex            ##......     9%          3    None
 Dazzling Spray           Conj/Hex       ##....       11%         3    None
 Excruciating Wounds      Chrm/Necr      ####......   12%         5    #####..
 Conjure Flame            Conj/Fire      #.......     13%         3    None
 Spider Form              Tmut/Pois      #.........   13%         3    None
 Stone Arrow              Conj/Erth      #.....       13%         3    None
 Agony                    Necr           ###.....     22%         5    #####..
 Silence                  Hex/Air        ###.......   22%         5    #####..
 Force Lance              Conj/Tloc      ##......     26%         4    ##.....
 Iskenderun's Battlesphe  Conj/Chrm      ###.....     26%         5    #####..
 Lightning Bolt           Conj/Air       ###.......   26%         5    #####..
 Fulminant Prism          Conj/Hex       ##........   32%         4    ##.....
 Ice Form                 Ice/Tmut       ##......     32%         4    ##.....
 Throw Icicle             Conj/Ice       ##......     32%         4    ##.....
 Iskenderun's Mystic Bla  Conj           #.......     38%         4    ##.....
 Olgreb's Toxic Radiance  Pois           #.......     38%         4    ##.....
 Petrify                  Tmut/Erth      #.......     38%         4    ##.....
 Bolt of Draining         Conj/Necr      ###.......   45%         5    #####..
 Borgnjor's Vile Clutch   Necr/Erth      ###.......   45%         5    #####..
 Metabolic Englaciation   Hex/Ice        ##........   58%         5    #####..
 Alistair's Intoxication  Tmut/Pois      #.......     71%         5    #####..
 Blade Hands              Tmut           #.........   71%         5    #####..
 Irradiate                Conj/Tmut      #.........   71%         5    #####..
 Lee's Rapid Deconstruct  Erth           #.........   71%         5    #####..
 Venom Bolt               Conj/Pois      #.........   71%         5    #####..
 Conjure Ball Lightning   Conj/Air       ###.......   80%         6    ######.
 Freezing Cloud           Conj/Ice/Air   ###.......   89%         6    ######.
 Simulacrum               Ice/Necr       ###.......   90%         6    ######.
 Darkness                 Hex            ##........   98%         6    ######.
 Ozocubu's Refrigeration  Ice            ##........   98%         6    ######.
 Bolt of Cold             Conj/Ice       ##........   99%         6    ######.
 Hydra Form               Tmut           #.........   99%         6    ######.
 Poison Arrow             Conj/Pois      #.........   99%         6    ######.
 Ring of Flames           Chrm/Fire      ###.......   100%        7    #######
 Chain Lightning          Conj/Air       ###.......   100%        8    #######
 Ignition                 Fire           #.........   100%        8    #######
 Lehudib's Crystal Spear  Conj/Erth      #.........   100%        8    #######
 Fire Storm               Conj/Fire      #.........   100%        9    #######
 Glaciate                 Conj/Ice       ##........   100%        9    #######
 Shatter                  Erth           #.........   100%        9    #######
 Tornado                  Air            #####.....   100%        9    #######
 Passage of Golubria      Tloc           Unusable     N/A         4    N/A

Dungeon Overview and Level Annotations

Branches:
Dungeon (15/15)            Temple (0/1) D:5            Lair (6/6) D:10
  Swamp (4/4) Lair:4        Snake (4/4) Lair:4        Slime (0/5) Lair:6
    Orc (2/2) D:12            Elf (3/3) Orc:2        Vaults (5/5) D:13
  Crypt (2/3) Vaults:3     Depths (5/5) D:15            Zot (5/5) Depths:5

Altars:
Ashenzari
Dithmenos
Elyvilon
Fedhas
Hepliaklqana
Kikubaaqudgha
Nemelex Xobeh
Trog
Vehumet
Xom
Yredelemnul
Beogh

Shops:
D:4 (   D:14 *   Orc:2 =(*[   Elf:2 (   Vaults:3 }   Vaults:4 !   Vaults:5 (

Portals:
Hell: Depths:1 Depths:2 Depths:3 Depths:4 Depths:5
Abyss: Depths:4
Pandemonium: Depths:3 Depths:4
Ziggurat: Depths:2

Annotations:
Snake:1 2 transporters, Facky's ghost, adept BaSu
Depths:3 1 transporter


Innate Abilities, Weirdness & Mutations

You cannot wear most types of armour.
You are very stealthy in the water. (Stealth+)
You are amphibious.
You can wear up to eight rings at the same time.
You can use your tentacles to constrict eight enemies at once.
Your skin changes colour to match your surroundings (Stealth+).
Your rubbery body absorbs attacks. (AC +1, EV +1)
Your life essence is reduced to manifest your ancestor. (-10% HP)
One of your tentacles bears a spike.
You are partially covered in slimy green scales. (AC +2)
Scrolls take you longer to read.
Your magical capacity is low. (-10% MP)
You are resistant to hostile enchantments. (MR+)
You passively map a small area around you.


Message History

You constrict the tormentor. You block the tormentor's attack. x2
You puncture the tormentor!
You pierce the tormentor, but do no damage.
You squeeze the tormentor! You constrict the tormentor.
You kill the tormentor!
(D) Dungeon (T) Temple (L) Lair (S) Swamp (P) Snake Pit (M) Slime Pits (O) Orcish Mines (E) Elven Halls (V) Vaults (C) Crypt (U) Depths (H) Hell (Z) Zot
Where to? (Enter - D:1 @ (x,y), ? - help)
An ice devil comes into view.
A soul eater comes into view.
You open the door.
There is an open door here.
Zeifoas comes into view.
There is a staircase leading out of the dungeon here.
Put on which piece of jewellery? (? for menu, Esc to quit)
Okay, then.
You are feeling hungry.
You have escaped!

##### #[# #..# #........... ....#
#.# #♣.♣ ########.#.#
....######.# ##.♣♣ #.........#
....'......♣♣♣♣#.♣.#♣♣#♣....#...#
....#######♣...........###..#...#
....# ♣...........♣ #......#
....# ###..#######..♣ #....#.#
....# #≈#..#.....#..#♣#.##.#.#
....# ♣#...'.@R.4#...#♣.##.#..
'#### ♣.♣..#.....3..#.4.##.#..
.### #.&..#.....#...##....3..
.#.# ###..#.....#..#♣####.###
.#.####### #..#######..# #.# #
.#.......# ♣...........♣ #.# #
.#.#####.#♣♣...........♣#####.###
.#.#.......♣#♣♣♣.♣.#♣♣#♣...#.4...
'#.#...#.#.# ♣♣.♣# #.#.###...


You could see the friendly Cipactli the knight, Zeifoas, a soul eater and an ice
devil.

Vanquished Creatures
  Mara (Vaults:2)
  Mennas (Vaults:2)
  5 orbs of fire
  3 ancient liches
  Sojobo (Vaults:1)
  Xtahua (Vaults:5)
  Saint Roka (Elf:2)
  Margery (Vaults:2)
  8 Killer Klowns (Zot:5)
  3 golden dragons
  2 curse toes
  A pandemonium lord (D:8)
  Jory (Vaults:4)
  An electric golem (Zot:5)
  A hellephant (D:11)
  3 liches
  18 Orb Guardians
  2 Ice Fiends
  7 tentacled monstrosities
  2 quicksilver dragons
  4 titans (Vaults:5)
  An ancient champion (Crypt:1)
  A death cob (Zot:1)
  A sphinx (Depths:4)
  A storm dragon (shapeshifter) (Depths:2)
  3 shadow dragons
  Agnes (Elf:2)
  2 thorn hunters
  A draconian monk (Zot:2)
  A revenant (Crypt:2)
  3 nagarajas (Snake:4)
  Donald (Elf:2)
  5 storm dragons
  7 tengu reavers
  8 fire giants
  2 iron dragons (Vaults:5)
  A ghost moth (Zot:5)
  A draconian knight (Zot:2)
  A fire giant (shapeshifter) (Depths:2)
  5 deep elf sorcerers
  7 vault wardens
  3 draconian scorchers
  8 frost giants
  9 deep elf elementalists
  2 curse skulls (Crypt:2)
  3 draconian stormcallers
  A draconian shifter (Depths:5)
  A spriggan defender (Depths:4)
  5 ghouls
  4 very ugly things
  4 war gargoyles (Depths:2)
  3 draconian annihilators
  A reaper (Crypt:2)
  4 vampire knights
  13 ironheart preservers
  12 stone giants
  2 entropy weavers (D:12)
  9 deep elf annihilators
  8 deep elf demonologists
  3 green draconians
  A red draconian (Zot:2)
  3 purple draconians
  2 spark wasps
  6 yellow draconians
  A lorocyproca (Depths:2)
  7 white draconians
  4 black draconians
  4 eidola
  15 ettins
  6 fire dragons
  A crystal guardian (Depths:2)
  7 jiangshi
  7 deep elf death magi
  7 yaktaur captains
  A fire dragon (shapeshifter) (Depths:2)
  5 great orbs of eyes
  6 deep elf high priests
  3 ice dragons
  A ghost crab (Swamp:2)
  3 rakshasas
  A catoblepas (D:14)
  8 spriggan air magi
  8 naga warriors
  20 vault guards
  A hell beast (Depths:4)
  14 hydras
  5 anacondas
  3 alligators
  8 centaur warriors
  15 two-headed ogres
  21 dancing weapons
  9 ogre magi
  A two-headed ogre (shapeshifter) (Vaults:2)
  5 death knights
  A death yak (shapeshifter) (Depths:2)
  A juggernaut simulacrum (Depths:2)
  A death yak (Lair:6)
  2 tengu warriors
  4 deep troll earth magi
  7 naga sharpshooters
  6 vampire magi
  3 deep troll shamans
  6 orc high priests
  A spriggan berserker (Depths:5)
  32 deep elf knights
  5 shock serpents
  2 soul eaters
  A titan skeleton (Crypt:2)
  A sun demon (Depths:4)
  A fire crab (shapeshifter) (Vaults:4)
  7 hell knights
  5 deep trolls
  16 skeletal warriors
  2 salamander mystics
  A sixfirhy (D:4)
  6 glowing orange brains
  An unseen horror (D:15)
  A shadow demon (Depths:3)
  11 swamp dragons
  A spriggan druid (Swamp:4)
  A glowing orange brain (shapeshifter) (Depths:2)
  2 wizards
  3 flayed ghosts
  3 lindwurms
  4 naga ritualists
  15 deep elf archers
  8 phantasmal warriors
  4 ironbrand convokers
  7 necromancers
  15 orc knights
  76 deep elf magi
  2 harpies (Vaults:1)
  4 wolf spiders
  12 orc sorcerers
  5 mana vipers
  3 human zombies
  A manticore (D:11)
  8 salamanders
  The ghost of Ijustatesigmund the Chopper, a novice OpGl of Okawaru (D:6)
  A salamander (shapeshifter) (Depths:5)
  40 ugly things
  A mana viper (shapeshifter) (Depths:2)
  5 cyclopes
  A stone giant zombie (D:15)
  2 elephants
  12 moths of wrath
  An elephant (shapeshifter) (Vaults:4)
  3 guardian serpents
  A stone giant skeleton (Vaults:3)
  A black mamba (shapeshifter) (Depths:2)
  3 ice statues (IceCv)
  A molten gargoyle (Lair:6)
  A torpor snail (Lair:6)
  21 naga magi
  8 vault sentinels
  4 centaur zombies
  11 spiny frogs
  A fire giant skeleton (Crypt:2)
  A titan simulacrum (Crypt:1)
  A torpor snail (shapeshifter) (Depths:2)
  24 black mambas
  An orange demon (Depths:3)
  2 water nymphs (shapeshifter)
  Joseph (D:8)
  A purple draconian zombie (Crypt:1)
  A dire elephant skeleton (Crypt:1)
  A storm dragon simulacrum (Crypt:1)
  A rime drake (Lair:6)
  29 yaktaurs
  A hellwing (Depths:4)
  A rime drake (shapeshifter) (Vaults:2)
  A tormentor (D:1)
  13 ice devils
  A komodo dragon (shapeshifter) (Vaults:5)
  3 anaconda simulacra
  3 freezing wraiths
  3 kobold demonologists (D:15)
  A catoblepas skeleton (Crypt:1)
  A guardian mummy (D:15)
  A golden dragon simulacrum (IceCv)
  A red devil (Zot:5)
  2 tengu conjurers (Depths:3)
  8 komodo dragons
  A yaktaur skeleton (Vaults:4)
  A tyrant leech (shapeshifter) (Elf:3)
  A polar bear (shapeshifter) (Elf:2)
  A wolf spider simulacrum (Crypt:2)
  25 slime creatures
  6 trolls
  9 hornets
  An iron dragon simulacrum (Crypt:1)
  3 tyrant leeches
  Prince Ribbit (D:6)
  An ettin zombie (Vaults:4)
  A dream sheep (shapeshifter) (Vaults:3)
  9 blink frogs
  6 bog bodies
  3 human simulacra
  6 dream sheep
  A frost giant simulacrum (Crypt:2)
  A fire giant simulacrum (Crypt:1)
  11 hippogriffs
  Sigmund (D:2)
  A meliai zombie (D:13)
  A redback (Lab)
  3 shadows
  A spriggan (shapeshifter) (Vaults:3)
  6 spriggans
  4 wraiths
  2 ynoxinuls
  An air elemental (Elf:2)
  A guardian serpent skeleton (Crypt:1)
  A redback (shapeshifter) (Vaults:2)
  A dire elephant simulacrum (IceCv)
  2 basilisks
  A human (D:8)
  2 water elementals
  2 hogs (D:8)
  15 yaks
  2 wyverns
  A steam dragon (D:9)
  A basilisk (shapeshifter) (Vaults:4)
  Grum (D:9)
  21 vampire mosquitoes
  11 hungry ghosts
  3 wargs
  A harpy simulacrum (IceCv)
  16 swamp worms
  5 insubstantial wisps (Swamp:4)
  4 hell hounds (Lair:6)
  28 nagas
  15 soldier ants (D:12)
  4 water moccasins
  6 porcupines
  Duvessa (D:5)
  A floating eye (D:11)
  A floating eye (shapeshifter) (Vaults:5)
  A water nymph skeleton (Crypt:1)
  9 swamp drakes
  2 sky beasts
  2 black bears
  43 orc warriors
  3 ettin simulacra (IceCv)
  A lindwurm zombie (Crypt:1)
  2 ice beasts (D:9)
  3 phantoms
  2 necrophages
  An eye of draining (D:13)
  24 ogres
  A snapping turtle zombie (Crypt:2)
  4 boggarts (Depths:1)
  24 wolves
  9 centaurs
  A crocodile (shapeshifter) (Depths:2)
  6 crocodiles
  3 big kobolds
  2 torpor snail zombies (Crypt:2)
  10 bullfrogs
  A fire crab zombie (Crypt:2)
  2 glowing shapeshifter simulacra
  2 earth elementals (Elf:3)
  3 human skeletons
  An elf skeleton (Crypt:1)
  A gnoll sergeant (D:8)
  A wyvern skeleton (D:13)
  A scorpion (D:14)
  A queen bee zombie (Crypt:2)
  A water moccasin skeleton (D:7)
  2 troll zombies (D:12)
  A warg skeleton (Crypt:1)
  6 killer bees
  9 electric eels
  12 wights
  A troll skeleton (Lab)
  6 bullfrog zombies
  2 howler monkeys (D:7)
  8 crimson imps
  4 hounds
  5 lava snakes (Lair:6)
  4 jellies
  30 orc priests
  35 orc wizards
  Ijyb (D:5)
  Jessica (D:2)
  2 centaur skeletons
  4 iguanas
  A yak simulacrum (Lair:5)
  20 worker ants
  A polar bear simulacrum (Lair:5)
  2 wolf simulacra (Lair:5)
  3 ogre zombies (D:12)
  A worker ant zombie (D:6)
  4 gnolls (D:8)
  A howler monkey zombie (D:5)
  14 adders
  A shadow imp (D:14)
  3 oozes
  An adder zombie (D:5)
  A halfling zombie (Crypt:1)
  An iguana skeleton (Crypt:1)
  2 worms
  3 dart slugs
  9 leopard geckos
  100 orcs
  3 bats
  3 giant cockroaches
  5 goblins
  3 hobgoblins (D:2)
  7 jackals
  17 kobolds
  5 quokkas
  2 ball pythons
  8 frilled lizards
  2 goblin skeletons
  A goblin zombie (D:12)
  A hobgoblin skeleton (D:12)
  6 hobgoblin zombies (D:12)
  An orc skeleton (D:12)
  15 orc zombies
  8 rats
  A river rat simulacrum (Lair:5)
  2 crawling corpses (Elf:3)
  A plant (Lair:2)
1758 creatures vanquished.

Vanquished Creatures (collateral kills)
  An orb of fire (Zot:5)
  A golden dragon (Vaults:5)
  An electric golem (Zot:1)
  A hellephant (D:8)
  2 liches
  2 tentacled monstrosities
  7 Orb Guardians (Zot:5)
  A quicksilver dragon (Zot:1)
  2 deep elf master archers (Elf:3)
  2 sphinxes
  3 deep elf blademasters
  A thorn hunter (Swamp:4)
  A storm dragon (Vaults:5)
  A death cob (Zot:3)
  3 tengu reavers
  2 nagarajas (Snake:4)
  4 fire giants
  2 frost giants (Depths:4)
  3 draconian scorchers (Zot:1)
  2 deep elf sorcerers
  An orc warlord (Orc:2)
  A draconian knight (Zot:1)
  A draconian annihilator (Zot:1)
  A draconian stormcaller (Zot:1)
  4 stone giants
  A very ugly thing (Depths:5)
  3 ironheart preservers
  A deep elf demonologist (Elf:3)
  A green draconian (Zot:2)
  3 war gargoyles
  A black draconian (Depths:5)
  A lorocyproca (Depths:3)
  A deep elf annihilator (Elf:3)
  A yellow draconian (Depths:5)
  A spark wasp (Depths:2)
  A red draconian (Zot:1)
  A minotaur (Lab)
  An eidolon (Crypt:1)
  2 fire dragons
  A jiangshi (Crypt:2)
  An ettin (Depths:5)
  5 yaktaur captains
  Fannar (D:11)
  2 deep elf high priests
  A great orb of eyes (Depths:4)
  3 rakshasas
  5 naga warriors
  5 vault guards (Vaults:4)
  A catoblepas (shapeshifter) (Depths:2)
  A spriggan air mage (Depths:4)
  An ice dragon (Depths:2)
  A ghost crab (Swamp:3)
  An anaconda (Snake:3)
  2 centaur warriors
  2 shambling mangroves (Swamp:4)
  A catoblepas (D:13)
  8 hydras
  5 two-headed ogres
  4 dancing weapons (Elf:2)
  5 vampire magi
  An ogre mage (Vaults:2)
  A death knight (Crypt:2)
  2 deep troll earth magi
  10 alligators
  A queen ant (D:12)
  A tengu warrior (Depths:3)
  A deep troll shaman (Depths:4)
  2 orc high priests
  5 naga sharpshooters
  2 hell knights
  10 deep elf knights
  2 shadow wraiths (Crypt:2)
  8 skeletal warriors
  A sun demon (Depths:3)
  A salamander mystic (Depths:1)
  2 deep trolls (Vaults:2)
  A swamp dragon (Swamp:4)
  2 naga ritualists
  4 deep elf archers
  2 harpies (Vaults:1)
  4 necromancers
  A lindwurm (Swamp:4)
  2 orc knights
  A mana viper (Snake:4)
  15 deep elf magi
  A shadow dragon skeleton (D:15)
  3 elephants (Lair:6)
  14 ugly things
  A frost giant zombie (Vaults:3)
  2 manticores
  A cyclops (Vaults:1)
  5 moths of wrath
  An iron dragon skeleton (Crypt:2)
  4 oklob plants (Lair:1)
  A rust devil (D:10)
  4 salamanders
  A molten gargoyle (Lair:6)
  5 vault sentinels
  A gargoyle (D:14)
  2 human skeletons
  A torpor snail (Lair:6)
  8 black mambas
  10 naga magi
  A black draconian zombie (Crypt:2)
  10 spiny frogs
  7 komodo dragons
  2 freezing wraiths
  A yaktaur skeleton (Vaults:3)
  7 yaktaurs
  An anaconda simulacrum (Depths:2)
  3 trolls
  A meliai (shapeshifter) (Vaults:4)
  A tyrant leech (Swamp:3)
  A hornet (shapeshifter) (Depths:2)
  Grinder (D:6)
  9 slime creatures
  4 bog bodies
  A snapping turtle (shapeshifter) (Depths:2)
  12 dream sheep
  4 hornets
  8 hippogriffs
  6 blink frogs
  An ice dragon zombie (Crypt:2)
  An ice dragon skeleton (D:15)
  2 water elementals
  2 wraiths
  4 wyverns
  A shadow (Crypt:1)
  A dire elephant simulacrum (IceCv)
  An air elemental (Elf:1)
  2 hogs (D:8)
  12 yaks
  A vampire (D:14)
  A chaos spawn (Depths:3)
  An elf skeleton (D:15)
  A human (shapeshifter) (Vaults:1)
  4 hungry ghosts
  A basilisk (Lair:1)
  2 steam dragons (Lair:6)
  3 vampire mosquitoes
  A swamp worm (Swamp:4)
  3 wargs
  8 nagas
  3 insubstantial wisps (Swamp:4)
  4 water moccasins
  A two-headed ogre zombie (D:12)
  4 soldier ants (D:12)
  A hell hound (Lair:6)
  4 porcupines
  A hydra simulacrum (IceCv)
  15 orc warriors
  3 swamp drakes (Swamp:4)
  An ice beast (D:9)
  2 black bears
  A snapping turtle zombie (Crypt:2)
  A necrophage (Crypt:1)
  5 ogres
  22 wolves
  9 centaurs
  3 crocodiles
  8 bullfrogs
  An earth elemental (Elf:2)
  Dowan (D:5)
  A water moccasin zombie (D:12)
  3 killer bees (D:8)
  8 wights
  An electric eel (D:12)
  2 howler monkeys
  A crimson imp (D:5)
  A quasit (D:9)
  A jelly (D:10)
  A centaur zombie (D:7)
  16 orc priests
  11 orc wizards
  3 centaur skeletons
  An iguana (D:6)
  7 worker ants
  A polar bear simulacrum (Lair:5)
  A killer bee zombie (D:5)
  2 wolf simulacra (Lair:5)
  3 ogre zombies
  A hound zombie (D:5)
  An adder (D:10)
  A gnoll (D:8)
  A shadow imp (Depths:1)
  A white imp (Vaults:2)
  An ufetubus (Zot:5)
  An adder zombie (D:5)
  A worm zombie (Crypt:2)
  2 worms
  2 leopard geckos
  32 orcs
  A ball python (D:2)
  A jackal (D:5)
  2 goblins (D:2)
  A leopard gecko zombie (D:5)
  An orc zombie (D:12)
  A quokka skeleton (D:6)
  3 river rat simulacra (Lair:5)
  A crawling corpse (Depths:4)
  2 fungi
616 creatures vanquished.

Vanquished Creatures (others)
  A yaktaur captain (Depths:4)
  A deep elf knight (Elf:3)
  A necromancer (Vaults:2)
  3 deep elf magi
  A moth of wrath (Zot:5)
  3 yaktaurs
  2 hornets (Swamp:4)
  A ynoxinul (Zot:5)
  A spriggan (Swamp:4)
  2 centaurs
  41 knights
  2 ancestors
  A quokka (D:8)
  A briar patch (Swamp:4)
  2 bushes (Lair:6)
  A crawling corpse (Depths:4)
  21 fungi
  24 plants
  3 spectral weapons
  6 toadstools (Swamp:2)
118 creatures vanquished.

Grand Total: 2492 creatures vanquished

Notes
Turn   | Place    | Note
-------+----------+-------------------------------------------
     0 | D:1      | iamserjio the Octopode Wanderer began the quest for the
                  | Orb.
     0 | D:1      | iamserjio set off with: a +2 spear, a potion of
                  | lignification, a ration
     0 | D:1      | Reached XP level 1. HP: 13/13 MP: 2/2
   696 | D:1      | Reached skill level 1 in Dodging
   704 | D:1      | Reached XP level 2. HP: 18/18 MP: 3/3
  1189 | D:2      | Reached XP level 3. HP: 24/24 MP: 4/4
  1226 | D:2      | Reached skill level 2 in Fighting
  1261 | D:2      | Noticed Jessica
  1268 | D:2      | Killed Jessica
  1268 | D:2      | Reached XP level 4. HP: 29/29 MP: 5/5
  1491 | D:2      | Found a hazy altar of Hepliaklqana.
  1516 | D:2      | Became a worshipper of Hepliaklqana the Forgotten
  1745 | D:2      | Noticed Sigmund
  1816 | D:2      | Reached XP level 5. HP: 28/31 MP: 6/6
  2286 | D:3      | Reached skill level 3 in Fighting
  2544 | D:3      | Found a sparkling altar of Nemelex Xobeh.
  2659 | D:3      | Reached * piety under Hepliaklqana
  2742 | D:3      | Found a blossoming altar of Fedhas.
  2817 | D:3      | Reached XP level 6. HP: 28/37 MP: 7/7
  3202 | D:4      | Noticed a phantom
  3223 | D:4      | Reached skill level 5 in Dodging
  3325 | D:4      | Killed a phantom
  3325 | D:4      | Reached skill level 4 in Fighting
  3325 | D:4      | Reached XP level 7. HP: 30/43 MP: 8/8
  3692 | D:4      | Found Ykellus's Weapon Shoppe.
  4196 | D:4      | Found Ykellus's Weapon Shoppe.
  4791 | D:2      | Killed Sigmund
  4849 | D:5      | Entered Level 5 of the Dungeon
  4932 | D:5      | Reached skill level 5 in Fighting
  5134 | D:5      | Found a staircase to the Ecumenical Temple.
  5142 | D:5      | Reached XP level 8. HP: 39/49 MP: 9/9
  5319 | D:5      | Noticed Ijyb
  5572 | D:5      | Killed Ijyb
  5572 | D:5      | Reached skill level 6 in Fighting
  5950 | D:5      | Noticed Dowan
  5952 | D:5      | Noticed Duvessa
  5969 | D:5      | Killed Duvessa
  5971 | D:5      | Killed Dowan
  5991 | D:5      | Reached skill level 7 in Fighting
  6351 | D:5      | Reached ** piety under Hepliaklqana
  6352 | D:5      | Remembered your ancestor Cipactli as a knight
  6523 | D:6      | Reached XP level 9. HP: 57/57 MP: 10/10
  6796 | D:6      | Reached skill level 8 in Fighting
  6926 | D:6      | Noticed Prince Ribbit
  7071 | D:6      | Found a large runed door.
  7072 | D:6      | Found a large runed door.
  7078 | D:6      | Noticed Ijustatesigmund's ghost (novice OpGl)
  7747 | D:7      | Found a shimmering altar of Xom.
  7939 | D:6      | Noticed Grinder
  7960 | D:6      | Killed Grinder
  7960 | D:6      | Reached skill level 5 in Polearms
  8059 | D:6      | Found a bloodstained altar of Trog.
  8121 | D:6      | Killed Prince Ribbit
  8373 | D:6      | Found a shadowy altar of Dithmenos.
  8595 | D:6      | Found a bloodstained altar of Trog.
  8697 | D:6      | Killed Ijustatesigmund's ghost
  8697 | D:6      | Reached XP level 10. HP: 63/63 MP: 13/13
  8823 | D:8      | Reached skill level 10 in Dodging
  9175 | D:8      | Found a white marble altar of Elyvilon.
  9786 | D:8      | Noticed Joseph
  9793 | D:8      | Reached *** piety under Hepliaklqana
  9800 | D:8      | Killed Joseph
 10472 | D:9      | Noticed Grum
 10485 | D:9      | Killed Grum
 10922 | D:9      | Reached XP level 11. HP: 22/68 MP: 12/14
 11347 | D:9      | Reached skill level 5 in Shields
 11763 | D:9      | Noticed a deep elf mage
 11830 | D:9      | Killed a deep elf mage
 12043 | D:10     | Entered Level 10 of the Dungeon
 12403 | D:10     | Found a staircase to the Lair.
 12857 | D:10     | Noticed a deep elf mage
 12864 | D:10     | Killed a deep elf mage
 13627 | D:10     | Reached **** piety under Hepliaklqana
 13755 | D:10     | Found a portal to a secret trove of treasure.
 13801 | D:11     | Noticed a tengu warrior
 13801 | D:11     | Noticed a tengu warrior
 13818 | Lair:1   | Entered Level 1 of the Lair of Beasts
 13818 | Lair:1   | Noticed a five-headed hydra
 13824 | Lair:1   | Killed a five-headed hydra
 13824 | Lair:1   | Reached skill level 1 in Invocations
 14401 | Lair:1   | Noticed a five-headed hydra
 14410 | Lair:1   | Killed a five-headed hydra
 14579 | Lair:1   | Noticed an oklob plant
 14579 | Lair:1   | Noticed an oklob plant
 14587 | Lair:1   | Noticed an oklob plant
 15232 | Lair:1   | Reached XP level 12. HP: 63/73 MP: 15/15
 15265 | Lair:1   | Reached skill level 10 in Shields
 16373 | Lair:2   | Found a dark tunnel.
 16382 | Volcano  | Entered a volcano
 18376 | Lair:2   | Reached XP level 13. HP: 79/79 MP: 16/16
 19163 | Lair:3   | Found a shattered altar of Ashenzari.
 19425 | Lair:3   | You fall through a shaft for 3 floors!
 19425 | Lair:6   | Entered Level 6 of the Lair of Beasts
 20465 | Lair:5   | Got a clouded wooden ring
 20475 | Lair:5   | Identified the ring "Uhiucekh" {rElec rF+ Dex+3 Stlth-}
                  | (You found it on level 5 of the Lair of Beasts)
 20569 | Lair:5   | Reached skill level 15 in Shields
 22112 | Lair:4   | Found a staircase to the Swamp.
 22302 | Lair:4   | Identified the Guide on Mutagenic Good Luck
 22545 | Lair:4   | Reached skill level 9 in Fighting
 22546 | Lair:4   | Found a staircase to the Snake Pit.
 24062 | Lair:6   | Reached ***** piety under Hepliaklqana
 24068 | Lair:6   | Learned a level 4 spell: Summon Lightning Spire
 24167 | Lair:6   | Reached skill level 1 in Summonings
 24197 | Lair:6   | Found a staircase to the Slime Pits.
 24815 | Lair:6   | Reached XP level 14. HP: 41/88 MP: 15/20
 25258 | Lair:6   | Reached skill level 10 in Fighting
 25762 | Lair:6   | Learned a level 3 spell: Mephitic Cloud
 25946 | Lair:6   | Reached skill level 5 in Summonings
 26877 | Lair:6   | Found a large runed door.
 26877 | Lair:6   | Found a large runed door.
 27786 | Lair:1   | Identified the Compendium of Floating Malediction
 27824 | Lair:1   | Identified 3 scrolls of acquirement
 27848 | Lair:1   | Learned a level 3 spell: Spectral Weapon
 28352 | D:11     | Got a transparent trident
 28752 | D:11     | Noticed Fannar
 28867 | D:11     | Killed Fannar
 29321 | D:12     | Found a labyrinth entrance.
 29330 | Lab      | Entered a labyrinth
 30646 | D:12     | Reached skill level 5 in Spellcasting
 30702 | D:12     | Found a staircase to the Orcish Mines.
 30995 | D:12     | Reached skill level 11 in Fighting
 31023 | D:12     | Noticed an entropy weaver
 31028 | D:12     | Killed an entropy weaver
 31029 | D:12     | Noticed an entropy weaver
 31414 | D:12     | Killed an entropy weaver
 31414 | D:12     | Reached XP level 15. HP: 95/95 MP: 20/23
 32717 | D:13     | Found a gate to the Vaults.
 33056 | D:14     | Reached skill level 10 in Polearms
 33118 | D:14     | Found Gapixyno's General Store.
 33124 | D:14     | Bought a potion of heal wounds for 55 gold pieces
 33124 | D:14     | Bought a scroll of blinking for 82 gold pieces
 33124 | D:14     | Bought a scroll of amnesia for 38 gold pieces
 33150 | D:14     | Identified the cursed +1 trident of Ruination {pierce,
                  | +Inv} (You found it on level 11 of the Dungeon)
 33510 | D:14     | Bought the ring "Rysa" {Wiz rC+ MR+ Dex-3} for 476 gold
                  | pieces
 33521 | D:15     | Entered Level 15 of the Dungeon
 33553 | D:15     | Reached skill level 12 in Fighting
 33611 | D:15     | Found a staircase to the Depths.
 34710 | D:15     | Reached XP level 16. HP: 54/102 MP: 25/25
 35200 | Orc:1    | Entered Level 1 of the Orcish Mines
 35508 | D:12     | Reached skill level 1 in Charms
 35511 | D:12     | Reached skill level 1 in Hexes
 36408 | Orc:2    | Entered Level 2 of the Orcish Mines
 37036 | Orc:2    | Found a roughly hewn altar of Beogh.
 37448 | Orc:2    | Found a staircase to the Elven Halls.
 38076 | Orc:2    | Found Ahoot's Antique Armour Shop.
 38077 | Orc:2    | Found Ceneu's Antique Weapon Shop.
 38078 | Orc:2    | Found Pijenn Qyrho's General Store.
 38078 | Orc:2    | Found Deong's Jewellery Boutique.
 38307 | Orc:2    | Reached ****** piety under Hepliaklqana
 38365 | Orc:2    | Bought the +8 lance "Wyrmbane" {slay drac, rPois rF+ rC+
                  | AC+3} for 1454 gold pieces
 38365 | Orc:2    | Found the +8 lance "Wyrmbane" {slay drac, rPois rF+ rC+
                  | AC+3}
 38377 | Orc:2    | Bought a potion of lignification for 51 gold pieces
 38378 | Orc:2    | Bought the ring of Vitoit {rC+ MR+ Str+4} for 512 gold
                  | pieces
 38378 | Orc:2    | Bought the ring of Shadows {Umbra +Inv Stlth+} for 440 gold
                  | pieces
 38378 | Orc:2    | Found the ring of Shadows {Umbra +Inv Stlth+}
 38386 | Orc:2    | Bought a +3 ring of evasion for 231 gold pieces
 38971 | Swamp:1  | Entered Level 1 of the Swamp
 39148 | Swamp:1  | Got an ancient large shield
 39159 | Swamp:1  | Identified the +3 large shield of Limitation {rElec rPois
                  | Int-4 Dex+7} (You acquired it on level 1 of the Swamp)
 39161 | Swamp:1  | Got a glittering iron ring
 39163 | Swamp:1  | Identified the ring "Fulilept" {+Fly rC+ MR+ Dex+6} (You
                  | acquired it on level 1 of the Swamp)
 39980 | Swamp:2  | Noticed a thorn hunter
 40010 | Swamp:2  | Killed a thorn hunter
 40623 | Swamp:2  | Reached skill level 5 in Evocations
 40627 | Swamp:2  | Reached skill level 5 in Invocations
 42445 | Swamp:4  | Entered Level 4 of the Swamp
 42537 | Swamp:4  | Reached XP level 17. HP: 91/108 MP: 23/27
 42866 | Swamp:4  | Learned a level 2 spell: Blink
 43043 | Swamp:4  | Reached skill level 1 in Translocations
 44169 | Swamp:4  | Got a decaying rune of Zot
 44385 | Swamp:4  | Reached skill level 13 in Fighting
 45270 | Snake:1  | Entered Level 1 of the Snake Pit
 45387 | Snake:1  | Found a transporter.
 45387 | Snake:1  | Noticed Facky's ghost (adept BaSu)
 45388 | Snake:1  | Found a transporter.
 46891 | Snake:1  | Learned a level 6 spell: Deflect Missiles
 46902 | Snake:2  | Got a crude large shield
 46915 | Snake:2  | Identified the cursed -6 large shield "Jouxkuh" {rN+ Int+3
                  | Dex+4} (You found it on level 2 of the Snake Pit)
 47518 | Snake:2  | Reached XP level 18. HP: 116/116 MP: 30/30
 48938 | Snake:4  | Entered Level 4 of the Snake Pit
 49876 | Snake:4  | Learned a level 1 spell: Animate Skeleton
 49880 | Snake:4  | Learned a level 3 spell: Regeneration
 49999 | Snake:4  | Reached skill level 14 in Fighting
 50159 | Snake:4  | Reached skill level 1 in Necromancy
 51969 | Snake:4  | Got a serpentine rune of Zot
 52220 | Snake:4  | Learned a level 4 spell: Animate Dead
 52224 | Snake:4  | Learned a level 3 spell: Lesser Beckoning
 52557 | Elf:1    | Entered Level 1 of the Elven Halls
 53197 | Elf:1    | Reached XP level 19. HP: 100/123 MP: 31/31
 53285 | Elf:1    | Identified the Tome of Attacks
 54020 | Elf:2    | Noticed Saint Roka
 54039 | Elf:2    | Killed Saint Roka
 54077 | Elf:2    | Found a radiant altar of Vehumet.
 54092 | Elf:2    | Found a frozen archway.
 54098 | IceCv    | Entered an ice cave
 54520 | IceCv    | Noticed an Ice Fiend
 54536 | IceCv    | Killed an Ice Fiend
 55227 | Elf:2    | Found a runed gate.
 55229 | Elf:2    | Found a runed gate.
 55232 | Elf:2    | Found a runed gate.
 55556 | Elf:2    | Found Oxyus's Antique Weapon Shoppe.
 55608 | Elf:2    | Reached skill level 15 in Fighting
 55861 | Elf:2    | Noticed Agnes
 55873 | Elf:2    | Killed Agnes
 55988 | Elf:2    | Noticed Donald
 56017 | Elf:2    | Killed Donald
 56612 | Elf:3    | Entered Level 3 of the Elven Halls
 57152 | Elf:3    | Reached XP level 20. HP: 127/130 MP: 32/32
 57946 | Elf:3    | Noticed a Brimstone Fiend
 57984 | Elf:3    | Identified Oxobra's Volume of Talismans
 57987 | Elf:3    | Identified the Disquisition on the Evil Rocks
 58001 | Elf:3    | Reached skill level 16 in Fighting
 58020 | Elf:3    | Got a slimy morningstar {holy}
 58064 | Elf:3    | Got a bloodstained buckler
 58187 | Elf:3    | Identified the +0 buckler "Cipp" {MR++} (You took it off an
                  | orc warrior on level 3 of the Elven Halls)
 58187 | Elf:3    | Identified the +3 morningstar of the Horn {holy, Stlth+}
                  | (You took it off a deep elf demonologist on level 3 of the
                  | Elven Halls)
 58198 | Elf:3    | Got a fine war axe {drain}
 58255 | Elf:3    | Got a smoking bronze ring
 58273 | Elf:3    | Identified the ring of Altruism {rElec rC+ Int+2} (You took
                  | it off a deep elf knight on level 3 of the Elven Halls)
 58283 | Elf:3    | Got a shimmering buckler
 58780 | Elf:3    | Identified the -2 buckler of Inquiry {rElec Regen+ rCorr
                  | Dex-3} (You took it off a deep elf death mage on level 3 of
                  | the Elven Halls)
 58845 | Elf:2    | Learned a level 5 spell: Dispel Undead
 58848 | Elf:2    | Learned a level 2 spell: Swiftness
 59027 | Vaults:1 | Entered Level 1 of the Vaults
 59505 | Vaults:1 | Reached XP level 21. HP: 138/138 MP: 33/33
 60698 | Vaults:2 | Reached skill level 15 in Dodging
 60715 | Vaults:2 | Noticed Sojobo
 60808 | Vaults:1 | Killed Sojobo
 60808 | Vaults:1 | Reached skill level 17 in Fighting
 61478 | Vaults:2 | Noticed Mara
 61670 | Vaults:2 | Killed Mara
 62008 | D:10     | You paid a toll of a +9 demon trident to enter a treasure
                  | trove
 62009 | Trove    | Entered a treasure trove
 62037 | Trove    | Got an ancient trident
 62066 | D:10     | Identified the +4 trident "Beastbane" {pierce, rC+ Str+2
                  | Int+2} (You found it in a treasure trove)
 62475 | Vaults:2 | Noticed Margery
 62503 | Vaults:2 | Killed Margery
 62752 | Vaults:2 | Noticed Mennas
 62779 | Vaults:2 | Killed Mennas
 62779 | Vaults:2 | Reached XP level 22. HP: 147/147 MP: 28/34
 63442 | Vaults:3 | Found a staircase to the Crypt.
 63442 | Vaults:3 | Found an ancient bone altar of Kikubaaqudgha.
 63443 | Vaults:3 | Found a basalt altar of Yredelemnul.
 64214 | Vaults:3 | Reached skill level 18 in Fighting
 64237 | Vaults:3 | Found Viysikasch's Gadget Boutique.
 65311 | Vaults:4 | Noticed Jory
 65330 | Vaults:4 | Killed Jory
 65634 | Vaults:4 | Reached skill level 19 in Fighting
 65777 | Vaults:4 | Found Xicwor's Distillery.
 65795 | Vaults:4 | Bought 2 potions of might for 112 gold pieces
 65795 | Vaults:4 | Bought a potion of curing for 42 gold pieces
 65795 | Vaults:4 | Bought a potion of haste for 140 gold pieces
 65795 | Vaults:4 | Bought a potion of lignification for 42 gold pieces
 65795 | Vaults:4 | Bought a potion of berserk rage for 70 gold pieces
 66123 | Vaults:5 | Entered Level 5 of the Vaults
 66421 | Vaults:4 | Reached XP level 23. HP: 142/156 MP: 27/35
 67087 | Vaults:5 | Reached skill level 20 in Fighting
 67255 | Vaults:5 | Noticed a golden dragon
 67274 | Vaults:5 | Killed a golden dragon
 67457 | Vaults:5 | Got an encrusted scimitar {speed}
 67636 | Vaults:5 | Reached skill level 21 in Fighting
 67722 | Vaults:5 | Got a dazzling hand crossbow
 67802 | Vaults:5 | Found Qoid's Antique Weapon Shoppe.
 68029 | Vaults:5 | Got a slimy platinum ring
 68031 | Vaults:5 | Identified the ring "Xeor" {rC+ AC+6 Str+6} (You took it
                  | off a vault sentinel on level 5 of the Vaults)
 68066 | Vaults:5 | Noticed Xtahua
 68078 | Vaults:5 | Killed Xtahua
 68087 | Vaults:5 | Noticed an ancient lich
 68097 | Vaults:5 | Killed an ancient lich
 68130 | Vaults:5 | Got a silver rune of Zot
 69184 | Orc:2    | Bought an uncursed ring of resist corrosion for 220 gold
                  | pieces
 69186 | Orc:2    | Bought an uncursed ring of protection from fire for 275
                  | gold pieces
 69306 | Depths:1 | Entered Level 1 of the Depths
 69443 | Depths:1 | Reached skill level 15 in Polearms
 69443 | Depths:1 | Reached XP level 24. HP: 168/168 MP: 35/35
 69686 | Depths:1 | Found a runed door.
 70001 | Depths:1 | Found a gateway to Hell.
 71271 | Depths:2 | Found a gateway to a ziggurat.
 72016 | Depths:3 | Identified the ring of Liqung {rC+ rN+++ MR+ Str-4} (You
                  | found it on level 3 of the Depths)
 72232 | Depths:3 | Noticed a juggernaut
 72235 | Depths:3 | Found a bloodstained altar of Trog.
 72236 | Depths:3 | Found the cursed necklace of Bloodlust {*Rage +Rage MR++
                  | Int-3 Slay+6 *Curse}
 72299 | Depths:3 | Found a one-way gate leading to the halls of Pandemonium.
 72417 | Depths:3 | Found a transporter.
 73308 | Depths:4 | Reached XP level 25. HP: 128/173 MP: 29/35
 73489 | Depths:4 | Found the amulet of the Air {Inacc +Fly rElec EV+5 RMsl}
 73607 | Depths:4 | Found a one-way gate to the infinite horrors of the Abyss.
 73903 | Depths:5 | Entered Level 5 of the Depths
 74228 | Depths:5 | Reached skill level 22 in Fighting
 74300 | Depths:5 | Reached skill level 5 in Air Magic
 74303 | Depths:5 | Reached skill level 5 in Charms
 74381 | Depths:5 | Found a gate to the Realm of Zot.
 74395 | Depths:5 | Reached skill level 10 in Evocations
 74816 | Crypt:1  | Entered Level 1 of the Crypt
 75374 | Crypt:1  | Found a basalt altar of Yredelemnul.
 76595 | Crypt:2  | Found the +6 Majin-Bo {vamp, Archmagi MP+6 Int+6}
 77192 | Zot:1    | Entered Level 1 of the Realm of Zot
 77200 | Zot:1    | Learned a level 6 spell: Shadow Creatures
 77209 | Zot:1    | Reached XP level 26. HP: 181/181 MP: 35/35
 78423 | Zot:1    | Reached skill level 10 in Summonings
 78748 | Zot:4    | Noticed an orb of fire
 78751 | Zot:4    | Gained mutation: Your magical capacity is low. (-10% MP)
                  | [an orb of fire]
 78848 | Zot:4    | Gained mutation: You tend to lose your temper in combat.
                  | [an orb of fire]
 78936 | Zot:4    | Noticed an orb of fire
 78937 | Zot:4    | Gained mutation: You are frail. (-10% HP) [an orb of fire]
 78940 | Zot:3    | Lost mutation: You are frail. (-10% HP) [an orb of fire]
 78952 | Zot:3    | Gained mutation: Your magical capacity is very low. (-20%
                  | MP) [an orb of fire]
 78956 | Zot:3    | Killed an orb of fire
 79090 | Zot:4    | Gained mutation: Your magical capacity is extremely low.
                  | (-30% MP) [an orb of fire]
 79121 | Zot:4    | Gained mutation: You are clumsy. (Dex -2) [an orb of fire]
 79146 | Zot:4    | Killed an orb of fire
 79269 | Zot:5    | Entered Level 5 of the Realm of Zot
 79354 | Zot:5    | Noticed an orb of fire
 79380 | Zot:5    | Killed an orb of fire
 79380 | Zot:5    | Reached skill level 23 in Fighting
 79456 | Zot:5    | Noticed an ancient lich
 79506 | Zot:5    | Killed an ancient lich
 79653 | Zot:5    | Reached XP level 27. HP: 189/189 MP: 6/24
 79818 | Zot:5    | Noticed an orb of fire
 79823 | Zot:5    | Gained mutation: You are resistant to hostile enchantments.
                  | (MR+) [an orb of fire]
 79828 | Zot:5    | Gained mutation: Scrolls take you a little longer to read.
                  | [an orb of fire]
 79830 | Zot:5    | Gained mutation: You passively map a small area around you.
                  | [an orb of fire]
 79833 | Zot:5    | Noticed an orb of fire
 79838 | Zot:5    | Killed an orb of fire
 79854 | Zot:5    | Killed an orb of fire
 80105 | Zot:5    | Noticed an orb of fire
 80134 | Zot:5    | Killed an orb of fire
 80134 | Zot:5    | Reached skill level 24 in Fighting
 80628 | Zot:5    | Lost mutation: Your magical capacity is extremely low.
                  | (-30% MP) [potion of mutation]
 80628 | Zot:5    | Lost mutation: You tend to lose your temper in combat.
                  | [potion of mutation]
 80628 | Zot:5    | Lost mutation: You are clumsy. (Dex -2) [potion of
                  | mutation]
 80628 | Zot:5    | Lost mutation: Your magical capacity is very low. (-20% MP)
                  | [potion of mutation]
 80628 | Zot:5    | Gained mutation: One of your tentacles bears a spike.
                  | [potion of mutation]
 80628 | Zot:5    | Gained mutation: You are partially covered in slimy green
                  | scales. (AC +2) [potion of mutation]
 80644 | Zot:5    | Got the Orb of Zot
 80693 | Zot:5    | Noticed an ancient lich
 80703 | Zot:5    | Killed an ancient lich
 80703 | Zot:5    | Reached skill level 10 in Spellcasting
 80714 | Zot:5    | Noticed an orb of fire
 80715 | Zot:5    | Gained mutation: Scrolls take you longer to read. [an orb
                  | of fire]
 81027 | D:11     | Noticed Paocic the pandemonium lord
 81074 | D:8      | Noticed Mooc the pandemonium lord
 81092 | D:8      | Killed Mooc the pandemonium lord
 81302 | D:1      | Noticed Zeifoas the pandemonium lord
 81303 | D:$      | Escaped with the Orb!

Vault maps used:
D:1:      saegor_arrival_under_anarchy
D:2:      old_standard_altar, first_ration, uniq_sigmund, uniq_jessica
D:3:      old_standard_altar, nicolae_overflow_crystal_walls
D:4:      serial_shops, shop
D:5:      minmay_temple_entry_overgrown, serial_undead, serial_undead_e,
          serial_undead_c, serial_undead_c, serial_undead_e, serial_undead_e,
          serial_undead_a, hangedman_decor_growths, uniq_duvessa, uniq_ijyb
D:6:      lemuel_ice_spiral_2, trog_ov_bears_minmay, overflow_temple_1_default,
          ebering_ghost_disaster_area, uniq_prince_ribbit1, uniq_grinder
D:7:      basic_altar
D:8:      elyvilon_altar_4, grunt_livestock, uniq_joseph
D:9:      dk_noncrumbling_3, minmay_misc_feat_iff, guppyfry_early_elven_hall,
          uniq_grum
D:10:     cheibrodos_two_vegetables, erik_lair_orcish_takeover, enter_trove_0
D:11:     kennysheep_nub, serial_park_tiny_2, uniq_fannar
D:12:     zombieorc2_lemuel, lab_entry_generic, zaba_antful_of_joy
D:13:     david_vaults_5
D:14:     serial_shops, nicolae_shop_statue_plus
D:15:     gammafunk_depths_entry_grave, serial_co_window_serial,
          co_window_paths_b, co_window_corner_a, co_window_cross_1,
          co_window_paths_a, co_window_of_opportunity_a, co_window_paths_a,
          co_window_corner_a, co_window_corner_b, co_window_corner_b,
          co_window_unsneaky_path_c, co_window_paths_c,
          co_window_unsneaky_path_a, co_window_2corner, co_window_broadway_a,
          co_window_paths_d, glass_columns_b, glass_columns_a, glass_columns_b,
          glass_columns_a, grunt_ministairs_6
Lair:1:   minmay_lair_oklob_chamber
Lair:2:   nicolae_volcano_entry_hallway, grunt_forest_large_clearings
Lair:3:   basic_altar, grunt_megastairs_4
Lair:4:   swamp_mist_pool, guppyfry_snake_entry_garden,
          infiniplex_staircase_pool_2
Lair:5:   eino_house_with_fridge
Lair:6:   cheibrodos_lair_end_hotspot, dpeg_slime_entry_corner,
          serial_bayou_shore_a
Swamp:1:  evilmike_swamp_ruin_rubble_1, infiniplex_staircase_pool
Swamp:2:  cheibrodos_swamp_tower_of_moss, serial_swamp_ruin,
          evilmike_swamp_ruin_rubble_2, evilmike_swamp_ruin_house_3,
          evilmike_swamp_ruin_house_2, swamp_pool1
Swamp:3:  evilmike_swamp_ruin_house_4, swamp_pool5
Swamp:4:  swamp_alternative
Snake:1:  gammafunk_ghost_arena, fake_guardian_serpent_vault
Snake:3:  guppyfry_library_mini
Snake:4:  snake_pit
Orc:2:    st_orc_congregation, bh_open_orc_temple
Elf:1:    eino_elf_arrival_customs, minmay_elf_annihilation
Elf:2:    portal_ice_cave_entry_pillars_three, basic_altar, serial_shops, shop,
          grunt_ministairs_4, uniq_saint_roka, uniq_agnes, uniq_donald
Elf:3:    grunt_elf_hall_spiral
Vaults:1: v_misc_17, nicolae_vaults_murderbox, vaults_room_grunt_arrival_ludios,
          v_misc_3, grunt_vaults_trifunnel, v_alt_pattern_6, v_misc_17,
          nicolae_vaults_little_ls, vaults_room_stairs_pillars,
          vaults_room_hallway, nicolae_vaults_theta
Vaults:2: grunt_vaults_funnel, vaults_dpeg_spiral, grunt_vaults_bifocal,
          nicolae_vaults_network_quinsquares, v_misc_27,
          nicolae_vaults_little_squares_6, vaults_mumra_minichess, serial_ice_g,
          nicolae_vaults_network_s, vaults_room_pool, uniq_margery, uniq_mara,
          uniq_mennas, uniq_sojobo
Vaults:3: vaults_dpeg_doors, nicolae_vaults_circle_grid_b,
          ontoclasm_vaults_hangar, minmay_crypt_entry_necro_gods,
          v_alt_pattern_4, vaults_room_pool, vaults_dpeg_hooks,
          ontoclasm_vaults_chip, serial_shops, nicolae_shop_trees
Vaults:4: v_misc_8, vaults_mumra_minichess_inversion, hangedman_vaults_locks,
          v_misc_16, v_pattern_3, hangedman_vaults_restitches, serial_shops,
          shop_fountains, uniq_jory
Vaults:5: uniq_xtahua
Crypt:1:  basic_altar
Crypt:2:  minmay_guarded_unrand_majin_bo, nicolae_crypt_statuary_hall,
          roderic_lattice_octagonal_star
Depths:1: abandoned_shop, hangedman_tar_grid_catacomb, spider_trap,
          nicolae_lava_and_water, kennysheep_nondescript, minmay_hidden_floor
Depths:2: hangedman_crystal_crosses_colossus, hell_entry
Depths:3: emtedronai_trogs_sanctum, hell_entry, rand_demon_pan_entry_5
Depths:4: minmay_triangles_in_corner, hangedman_abyss_or_decor_jellyfish_corner,
          hell_entry, rand_demon_pan_entry_1, abyss_entry, nooodl_food_tri,
          minmay_staircase_windowed_small
Depths:5: grunt_bruiser_brothers, minmay_misc_feat_five, hell_entry
Zot:4:    basic_stair_grate_trap, grunt_megastairs_1
Lab:      nicolae_lab_diamond, lab_block, nicolae_lab_swirl, nicolae_lab_blocks
Trove:    trove_weapons_four_rooms
IceCv:    ice_cave_tombish
Volcano:  volcano_tomb

Skill      XL: |  1  2  3  4  5  6  7  8  9 10 11 12 13 14 15 16 17 18 19 20 21 22 23 24 25 26 27 |
---------------+----------------------------------------------------------------------------------+-----
Dodging        | 1 2 3 4 5 6 8 9 11 12 13 14 16 18 19 | 19.0
Fighting       | 2 3 4 5 7 8 9 11 12 13 14 15 16 17 19 21 22 23 24 | 24.0
Evocations     | 4 5 7 8 12 | 12.0
Polearms       | 6 7 12 14 15 16 17 | 17.5
Shields        | 4 9 13 15 17 18 19 20 21 22 | 22.0
Invocations    | 3 4 5 6 |  6.0
Spellcasting   | 4 5 6 8 10 | 10.0
Summonings     | 2 7 12 14 | 14.0
Air Magic      | 2 4 7 |  7.0
Charms         | 2 4 7 |  7.0
Hexes          | 1 |  1.0
Translocations | 2 |  2.0
Necromancy     | 3 4 |  4.0
Stealth        | |  1.3
Ice Magic      | |  1.0

Action                   |  1- 3 |  4- 6 |  7- 9 | 10-12 | 13-15 | 16-18 | 19-21 | 22-24 | 25-27 || total
-------------------------+-------+-------+-------+-------+-------+-------+-------+-------+-------++-------
Melee: Spear             |    46 |   124 |   150 |       |       |       |       |       |       ||   320
       Constrict         |     6 |    25 |    60 |    79 |   136 |   163 |   193 |   148 |   113 ||   923
       Tentacles         |     5 |    18 |    50 |   128 |   259 |   465 |   432 |   533 |   417 ||  2307
       Trident           |       |       |   172 |   615 |   568 |       |       |       |       ||  1355
       Demon trident     |       |       |       |       |   750 |   390 |  1293 |   913 |   346 ||  3692
       Lance             |       |       |       |       |       |  1417 |    41 |   516 |   948 ||  2922
       Kick              |       |       |       |       |       |       |       |       |    31 ||    31
 Fire: Hunting sling     |       |    12 |    13 |       |       |       |       |       |       ||    25
Throw: Javelin           |       |       |       |       |       |     2 |       |       |       ||     2
 Cast: Summon Lightning  |       |       |       |       |    11 |    46 |    13 |     2 |       ||    72
       Regeneration      |       |       |       |       |       |    14 |    17 |    37 |    32 ||   100
       Animate Skeleton  |       |       |       |       |       |     5 |       |     3 |       ||     8
       Spectral Weapon   |       |       |       |       |       |     3 |     2 |       |       ||     5
       Deflect Missiles  |       |       |       |       |       |       |     2 |       |     3 ||     5
       Animate Dead      |       |       |       |       |       |       |     7 |     8 |    12 ||    27
       Lesser Beckoning  |       |       |       |       |       |       |       |       |     5 ||     5
       Shadow Creatures  |       |       |       |       |       |       |       |       |     4 ||     4
Invok: Recall Ancestor   |       |     1 |     2 |    10 |    14 |    16 |     6 |     4 |     9 ||    62
       Ancestor Life: Kn |       |       |     1 |       |       |       |       |       |       ||     1
       Idealise          |       |       |       |     1 |    11 |     5 |     3 |     1 |     7 ||    28
       Transference      |       |       |       |     1 |       |       |     1 |       |       ||     2
 Abil: Evoke Invisibilit |       |       |       |       |       |     3 |       |       |       ||     3
Evoke: Wand              |       |       |     4 |    33 |    42 |     2 |    10 |       |     6 ||    97
  Use: Scroll            |       |     6 |     3 |     9 |    27 |    24 |     9 |    19 |     4 ||   101
       Potion            |       |       |     1 |     4 |     4 |     3 |     5 |     1 |    11 ||    29
 Stab: Sleeping          |     7 |    13 |    12 |    21 |    27 |    23 |    24 |    22 |    10 ||   159
       Distracted        |       |       |     5 |     7 |    20 |    34 |    25 |    21 |    26 ||   138
       Paralysed         |       |       |       |       |     8 |       |       |       |       ||     8
       Petrified         |       |       |       |       |     5 |       |       |       |       ||     5
       Invisible         |       |       |       |       |       |     1 |       |       |       ||     1
  Eat: Chunk             |     1 |     6 |    12 |    21 |    41 |    37 |    21 |    27 |     9 ||   175
       Ration            |       |       |     2 |     3 |     4 |     9 |     5 |     3 |     7 ||    33
Armor: Skin              |     2 |     1 |    11 |    13 |    17 |    30 |     3 |    18 |    14 ||   109
Dodge: Dodged            |    10 |    62 |   168 |   274 |   397 |   512 |   339 |   327 |   289 ||  2378
       Deflected         |       |       |       |       |       |       |    11 |       |    15 ||    26
Block: Shield            |       |       |       |   143 |   609 |   660 |   533 |       |       ||  1945
       Large shield      |       |       |       |       |       |   208 |   128 |   885 |   748 ||  1969
       Reflection        |       |       |       |       |       |       |     1 |       |       ||     1

Table legend:
 A = Non-vault XP
 B = Vault XP
 C = Vault XP percentage of total XP
 D = Non-vault monster count
 E = Vault monster count
 F = Vault count percentage of total count
                 A         B        C        D         E       F
            +---------+---------+-------+---------+---------+-------
      Total |  705836 |  691566 |  49.5 |    1530 |     838 |  35.4
            +---------+---------+-------+---------+---------+-------
        D:1 |      15 |       0 |   0.0 |      10 |       0 |   0.0
        D:2 |     123 |     275 |  69.1 |      25 |       2 |   7.4
        D:3 |     179 |       0 |   0.0 |      27 |       0 |   0.0
        D:4 |     528 |       0 |   0.0 |      19 |       0 |   0.0
        D:5 |     763 |     592 |  43.7 |      31 |      11 |  26.2
        D:6 |     832 |    1209 |  59.2 |      28 |       4 |  12.5
        D:7 |     585 |       0 |   0.0 |      18 |       0 |   0.0
        D:8 |    1189 |    1416 |  54.4 |      28 |       6 |  17.6
        D:9 |    2302 |    1101 |  32.4 |      24 |       5 |  17.2
       D:10 |    2803 |    1732 |  38.2 |      23 |      19 |  45.2
       D:11 |    6988 |    1038 |  12.9 |      60 |       1 |   1.6
       D:12 |    5688 |    7928 |  58.2 |      41 |      70 |  63.1
       D:13 |   11536 |    2777 |  19.4 |      47 |       5 |   9.6
       D:14 |    8100 |       0 |   0.0 |      29 |       0 |   0.0
       D:15 |   13832 |    5213 |  27.4 |      37 |      14 |  27.5
     Lair:1 |    6055 |    1285 |  17.5 |      24 |       4 |  14.3
     Lair:2 |    7210 |    3898 |  35.1 |      30 |      30 |  50.0
     Lair:3 |    1005 |     302 |  23.1 |       6 |       2 |  25.0
     Lair:4 |    3463 |     462 |  11.8 |      16 |       3 |  15.8
     Lair:5 |    4868 |     842 |  14.7 |      20 |      12 |  37.5
     Lair:6 |   15099 |    9235 |  38.0 |      45 |      30 |  40.0
    Swamp:1 |    6848 |       0 |   0.0 |      21 |       0 |   0.0
    Swamp:2 |   11241 |    1782 |  13.7 |      30 |       1 |   3.2
    Swamp:3 |    8847 |       0 |   0.0 |      23 |       0 |   0.0
    Swamp:4 |   20576 |   21220 |  50.8 |      53 |      28 |  34.6
    Snake:1 |   15384 |     427 |   2.7 |      30 |       1 |   3.2
    Snake:2 |    7778 |       0 |   0.0 |      16 |       0 |   0.0
    Snake:3 |   11991 |    3161 |  20.9 |      23 |       9 |  28.1
    Snake:4 |   11499 |   27624 |  70.6 |      24 |      45 |  65.2
      Orc:1 |     683 |       0 |   0.0 |      18 |       0 |   0.0
      Orc:2 |    2483 |   12175 |  83.1 |      33 |      73 |  68.9
      Elf:1 |   29327 |    8521 |  22.5 |      45 |      14 |  23.7
      Elf:2 |   11285 |   35655 |  76.0 |      20 |      43 |  68.3
      Elf:3 |   27010 |   44775 |  62.4 |      52 |      30 |  36.6
   Vaults:1 |   43426 |   22804 |  34.4 |      96 |      28 |  22.6
   Vaults:2 |   34802 |   46103 |  57.0 |      67 |      40 |  37.4
   Vaults:3 |   20160 |    3790 |  15.8 |      31 |       9 |  22.5
   Vaults:4 |   43876 |   49148 |  52.8 |      72 |      52 |  41.9
   Vaults:5 |   13613 |   80527 |  85.5 |      30 |      48 |  61.5
    Crypt:1 |   24384 |       0 |   0.0 |      39 |       0 |   0.0
    Crypt:2 |   33652 |   12571 |  27.2 |      49 |      10 |  16.9
   Depths:1 |   35370 |   11248 |  24.1 |      43 |      11 |  20.4
   Depths:2 |       0 |   57020 | 100.0 |       0 |      52 | 100.0
   Depths:3 |   14820 |    3386 |  18.6 |      14 |       5 |  26.3
   Depths:4 |   15181 |   36667 |  70.7 |      19 |      30 |  61.2
   Depths:5 |   21297 |   16712 |  44.0 |      17 |      15 |  46.9
      Zot:1 |   58965 |       0 |   0.0 |      37 |       0 |   0.0
      Zot:2 |   13423 |       0 |   0.0 |      10 |       0 |   0.0
      Zot:3 |   26828 |       0 |   0.0 |      13 |       0 |   0.0
      Zot:4 |   12364 |       0 |   0.0 |       5 |       0 |   0.0
      Zot:5 |   34658 |  145000 |  80.7 |      11 |      39 |  78.0
        Lab |     902 |    1794 |  66.5 |       1 |      11 |  91.7
      IceCv |       0 |   10151 | 100.0 |       0 |      26 | 100.0
            +---------+---------+-------+---------+---------+-------
